cohdb
Replays
Latest Replays
All Replays
Popular Replays
Top Player Replays
Match Explorer
How It Works
Community
CoH3 Stats
Reddit
Sign in to upload your games and track your stats! →
Sign in with Steam
Match 27550936
Unlisted
Match 27550936
Overview
Messages
Build Orders
End
Panzergrenadier Squad
Panzergrenadier Squad
Construct Light Support Kompanie
250 Light Carrier
2.5-tonne Medical Truck
MG34 Team
Assault Mechanized Group
Fire Support Elements
Selects Italian Infantry
Selects Guastatori Squad
Selects L6/40 Light Tank Combat Group
Flakvierling Half-track
Combat Half-tracks
Panzerjäger Squad
Pak 38 Anti-tank Gun Team
Selects Defensive Operations
Pak 38 Mechanized Group
Construct Panzerarmee Kommand
Selects Towed Cannone da 105/28 Field Howitzer
Panzer III L Medium Tank
Panzer III L Medium Tank
Tungsten Core Ammunition
Vehicle Survival Package
Panzer III L Medium Tank
Franky
MMMMMMMMMMMM
YAMAHA
Petrov
Kurta-Burta
Snake Doctor
0
0
Comments
sign in to comment!
No comments posted yet!